 Dungeon Crawl Stone Soup version 0.25-a0-294-gea9b1ad378 (webtiles) character file.

Game seed: 11191929007277132715, levelgen mode: deterministic

119 Glalom the Firebug (level 4, -5/24 HPs)
             Began as a Deep Elf Fire Elementalist on Dec 18, 2019.
             Killed by nerve-wracking pain
             ... invoked by Grinder
              (6 damage)
             ... on level 3 of the Dungeon.
             The game lasted 00:06:16 (2465 turns).

Glalom the Firebug (Deep Elf Fire Elementalist)     Turns: 2465, Time: 00:06:16

Health: -5/24      AC:  4    Str:  5    XL:     4   Next: 73%
Magic:  7/10       EV: 13    Int: 21    God:
Gold:   120        SH:  0    Dex: 15    Spells: 8/9 levels left

rFire    . . .     SeeInvis .   d - +0 whip
rCold    . . .     Gourm    .   (no shield)
rNeg     . . .     Faith    .   q - +0 robe (curse)
rPois    .         Spirit   .   (no helmet)
rElec    .         Reflect  .   r - +1 cloak {+Inv}
rCorr    .         Harm     .   (no gloves)
MR       .....                  (no boots)
Stlth    +++.......             (no amulet)
HPRegen  0.08/turn              k - ring of stealth
MPRegen  0.12/turn              (no ring)

@: very slightly contaminated
A: no striking features
a: Evoke Invisibility


You were on level 3 of the Dungeon.
You were not hungry.

You visited 1 branch of the dungeon, and saw 3 of its levels.

You collected 120 gold pieces.

Inventory:

Hand Weapons
 d - a +0 whip (weapon)
 s - a +3 quarterstaff of chaos
Armour
 a - a +0 robe
 q - a cursed +0 robe (worn)
 r - a +1 cloak of invisibility (worn)
Jewellery
 k - a ring of stealth (left hand)
Scrolls
 b - a scroll of identify
 e - 2 scrolls of amnesia {unknown}
 f - a scroll of noise {unknown}
 i - a scroll of fog {unknown}
 j - 2 scrolls of immolation {unknown}
 l - 2 scrolls of random uselessness {unknown}
 n - 2 scrolls of remove curse {unknown}
 o - a scroll of blinking {unknown}
Potions
 g - 2 potions of degeneration {unknown}
 h - a potion of flight {unknown}
 m - a potion of brilliance {unknown}
 p - a potion of curing {unknown}
Comestibles
 c - 3 rations


   Skills:
 - Level 2.4 Dodging
 - Level 2.4 Stealth
 - Level 3.0 Spellcasting
 + Level 3.6 Conjurations
 + Level 4.8 Fire Magic


You had 8 spell levels left.
You knew the following spells:

 Your Spells              Type           Power        Failure   Level  Hunger
a - Foxfire               Conj/Fire      ###.         2%          1    None

Your spell library contained the following spells:

 Spells                   Type           Power        Failure   Level  Hunger
 Conjure Flame            Conj/Fire      ###.....     7%          3    ###....
 Inner Flame              Hex/Fire       ##......     14%         3    ###....
 Sticky Flame             Conj/Fire      ###.....     22%         4    ####...
 Fireball                 Conj/Fire      ###.......   54%         5    ######.


Dungeon Overview and Level Annotations

Branches:
Dungeon (3/15)

Altars:
Gozag

Annotations:
D:3 Grinder


Message History

Ouch! That really hurt!
The foxfire hits Grinder.
Grinder is lightly wounded.
Casting: Foxfire (safe; 2% risk of failure)
Confirm with . or Enter, or press ? or * to list all spells.
You miscast Foxfire.
You are very lightly contaminated with residual magic.
Your hair stands on end.
Grinder closely misses you.
Casting: Foxfire (safe; 2% risk of failure)
Confirm with . or Enter, or press ? or * to list all spells.
You conjure some foxfire!
Grinder says, "Tell me all your secrets, or I'll kill you."
Grinder hits you!
* * * LOW HITPOINT WARNING * * *
The foxfire hits Grinder.
Grinder is lightly wounded.
A frilled lizard comes into view.
Grinder gestures at you. Pain shoots through your body!
You die...

...........#####.#......
...........#####.####...
............##.....(#.##
..........#.##.#.##.#..#
.......................#
............._........(#
..!....(...............#
......§v...............#
.######@###########.....
#....5........ #....#
#.l#'######### #..... #
#. #..... # #.....
#.#..... # #.#....# #.
#.#....# #..#.#....#


You could see Grinder and a frilled lizard (wandering).

Vanquished Creatures
  Crazy Yiuf (D:2)
  4 adders
  5 leopard geckos
  2 ball pythons
  A giant cockroach (D:3)
  6 goblins
  8 hobgoblins
  5 jackals
  2 kobolds (D:3)
  A quokka (D:3)
  6 bats
  2 frilled lizards
  5 rats
48 creatures vanquished.

Vanquished Creatures (others)
  119 foxfires
119 creatures vanquished.

Grand Total: 167 creatures vanquished

Notes
Turn   | Place    | Note
-------+----------+-------------------------------------------
     0 | D:1      | Glalom the Deep Elf Fire Elementalist began the quest for
                  | the Orb.
     0 | D:1      | Reached XP level 1. HP: 10/10 MP: 6/6
    82 | D:1      | Reached XP level 2. HP: 15/15 MP: 4/8
   733 | D:2      | Reached skill level 4 in Fire Magic
   733 | D:2      | Reached XP level 3. HP: 19/19 MP: 6/9
  1679 | D:2      | Found a runed translucent door.
  1680 | D:2      | Noticed Crazy Yiuf
  1829 | D:2      | Killed Crazy Yiuf
  1829 | D:2      | Reached XP level 4. HP: 13/24 MP: 6/10
  2130 | D:3      | Noticed Grinder
  2131 | D:3      | Paralysed by Grinder for 7 turns
  2405 | D:3      | Found an opulent altar of Gozag.
  2464 | D:3      | HP: 1/24 [Grinder (11)]
  2465 | D:3      | Killed from afar by Grinder

Levels and vault maps discovered:
D:1:      grunt_arrival_lava_bath, layout_rooms
D:2:      layout_loops_cross, uniq_crazy_yiuf_cottage
D:3:      layout_basic, first_ration, nicolae_gozag_seed_capital, uniq_sigmund,
          uniq_grinder, uniq_ijyb, uniq_natasha

Skill      XL: |  1  2  3 |
---------------+----------+-----
Conjurations   | 2 3 |  3.6
Fire Magic     | 4 |  4.8
Dodging        | |  2.4
Stealth        | |  2.4
Spellcasting   | |  3.0

Action                   |  1- 3 |  4- 6 || total
-------------------------+-------+-------++-------
Melee: Whip              |     2 |       ||     2
 Cast: Foxfire           |    66 |    13 ||    79
  Use: Scroll            |     1 |       ||     1
  Eat: Chunk             |     2 |       ||     2
       Ration            |       |     1 ||     1
Armor: Robe              |     7 |     3 ||    10
Dodge: Dodged            |    33 |     8 ||    41

Table legend:
 A = Non-vault XP
 B = Vault XP
 C = Vault XP percentage of total XP
 D = Non-vault monster count
 E = Vault monster count
 F = Vault count percentage of total count
                 A         B        C        D         E       F
            +---------+---------+-------+---------+---------+-------
      Total |     130 |      40 |  23.5 |      47 |       1 |   2.1
            +---------+---------+-------+---------+---------+-------
        D:1 |      32 |       0 |   0.0 |      18 |       0 |   0.0
        D:2 |      71 |      40 |  36.0 |      21 |       1 |   4.5
        D:3 |      27 |       0 |   0.0 |       8 |       0 |   0.0
            +---------+---------+-------+---------+---------+-------
